 Seeded DCSS version 0.31-a0-986-g5e6e4ef867 (webtiles) character file.

Game seed: 2084424751715034210 (custom seed)

150 Danienth the Chiller (level 5, 0/29 HPs)
             Began as a Tengu Ice Elementalist on Nov 12, 2023.
             Slain by an iguana (9 damage)
             ... on level 4 of the Dungeon.
             The game lasted 00:06:47 (2971 turns).

Danienth the Chiller (Tengu Ice Elementalist)       Turns: 2971, Time: 00:06:47

Health: 0/29       AC:  2    Str:  9    XL:     5   Next: 32%
Magic:  3/10       EV: 12    Int: 17    God:
Gold:   113        SH:  0    Dex: 14    Spells: 5/9 levels left

rFire   . . .        m - +2 rapier (protect)
rCold   . . .        (no shield)
rNeg    . . .        a - +0 robe
rPois   .            (helmet restricted)
rElec   .            (no cloak)
rCorr   .            (no gloves)
SInv    .            (boots unavailable)
Will    .....        (no amulet)
Stlth   ++           (no ring)
HPRegen 0.24/turn    (no ring)
MPRegen 0.12/turn

%: acrobat
@: no status effects
A: beak, talons 3, acrobatic
a: no special abilities


You were on level 4 of the Dungeon.
You visited 1 branch of the dungeon, and saw 4 of its levels.

You collected 113 gold pieces.

Inventory:

Hand Weapons
 d - a +0 short sword
 m - a +2 rapier of protection (weapon)
Missiles
 k - 2 atropa-tipped darts
Armour
 a - a +0 robe (worn)
Scrolls
 c - a scroll of enchant weapon {unknown}
 g - 2 scrolls of identify {unknown}
 j - a scroll of fog
 l - a scroll of enchant armour {unknown}
Potions
 b - a potion of magic
 e - 3 potions of resistance {unknown}
 f - 3 potions of curing {unknown}
 h - a potion of heal wounds {unknown}
 i - a potion of attraction {unknown}


   Skills:
 + Level 1.6 Fighting
 * Level 2.6 Short Blades
 - Level 2.1 Dodging
 - Level 2.0 Stealth
 * Level 2.9 Spellcasting
 + Level 1.3 Necromancy
 + Level 4.1 Ice Magic


You had 5 spell levels left.
You knew the following spells:

 Your Spells              Type           Power      Damage    Failure   Level
a - Freeze                Ice            64%        1d7       3%          1
b - Frozen Ramparts       Ice            32%        1d5       10%         3

Your spell library contained the following spells:

 Spells                   Type           Power      Damage    Failure   Level
 Ozocubu's Armour         Ice            16%        N/A       10%         3
 Summon Ice Beast         Ice/Summ       9%         N/A       58%         4
 Iskenderun's Battlesphe  Conj           2%         2d6       99%         5
 Bombard                  Conj/Erth      1%         9d1       100%        6
 Spellforged Servitor     Conj/Summ      1%         N/A       100%        7


Dungeon Overview and Level Annotations

Branches:
Dungeon (4/15)
 Temple: D:4-7

Altars:
Hepliaklqana
Xom


Innate Abilities, Weirdness & Mutations

You have a beak for a mouth.
You have claws for feet.
You can magically evade attacks while moving or waiting.


Message History

Press: ? - help, Shift-Dir - straight line, f/p - kobold
Aim: a kobold, wielding a +0 dagger (moderately wounded)
You freeze the kobold.
You kill the kobold!
The orc hits you from afar with a +0 trident.
You hit the orc but do no damage.
Your weapon exudes an aura of protection.
You claw the orc. Your peck misses the orc.
The orc is moderately wounded.
The orc hits you from afar with a +0 trident.
The orc hits you but does no damage.
You are too injured to fight recklessly!
You are too injured to fight recklessly!
Casting: Freeze (safe; 3% risk of failure)
Confirm with . or Enter, or press ? or * to list all spells.
Aiming: Freeze (safe; 3% risk of failure)
Press: ? - help, Shift-Dir - straight line, f - orc
Aim: an orc, wielding a +0 dagger and wearing a +0 scale mail (moderately wounded)
You freeze the orc.
The orc is severely wounded.
The orc hits you from afar with a +0 trident.
Casting: Freeze (safe; 3% risk of failure)
Confirm with . or Enter, or press ? or * to list all spells.
Aiming: Freeze (safe; 3% risk of failure)
Press: ? - help, Shift-Dir - straight line, f/p - orc
Aim: an orc, wielding a +0 dagger and wearing a +0 scale mail (severely wounded)
You freeze the orc.
You kill the orc!
The orc closely misses you. The iguana barely misses you.
Casting: Freeze (safe; 3% risk of failure)
Confirm with . or Enter, or press ? or * to list all spells.
Aiming: Freeze (safe; 3% risk of failure)
Press: ? - help, Shift-Dir - straight line, f - iguana
Aim: an iguana You freeze the iguana.
The iguana is lightly wounded.
The iguana seems to slow down.
The iguana is no longer moving slowly.
The orc hits you from afar with a +0 trident.
The iguana bites you!
You die...

#. #. #. ####### ###
####. #.##..# #.# #.[..
#.....# #.# ..#....
#.....####.# .......###
#..........# .......l@#
#......##..#
...###o#)###..<...##..#
...#.....###......#
##.........##.....##
#########.#...####
≈≈≈≈≈≈..~>.#...#
#≈≈≈≈≈~..####.#
#≈≈≈≈≈~.####.#
##≈~≈≈~~.....#


You could see an iguana and an orc.

Vanquished Creatures
  Jessica (D:2)
  5 adders
  7 orcs
  3 endoplasms
  2 giant cockroaches
  5 goblins
  7 hobgoblins
  8 jackals
  A quokka (D:3)
  4 ball pythons
  8 bats
  5 frilled lizards
  8 kobolds
  6 rats
70 creatures vanquished.

Notes
Turn   | Place    | Note
-------+----------+-------------------------------------------
     0 | D:1      | Danienth the Tengu Ice Elementalist began the quest for the
                  | Orb.
     0 | D:1      | Reached XP level 1. HP: 10/10 MP: 4/4
   222 | D:1      | Reached XP level 2. HP: 7/16 MP: 4/6
   269 | D:1      | Reached skill level 1 in Short Blades
   418 | D:1      | Reached skill level 1 in Fighting
   434 | D:1      | Reached XP level 3. HP: 15/20 MP: 7/7
   814 | D:1      | Learned a level 3 spell: Frozen Ramparts
  1118 | D:2      | Found a shimmering altar of Xom.
  1139 | D:2      | Noticed Jessica
  1149 | D:2      | Killed Jessica
  1150 | D:2      | Reached skill level 1 in Necromancy
  1150 | D:2      | Reached skill level 4 in Ice Magic
  1150 | D:2      | Reached XP level 4. HP: 24/25 MP: 5/8
  2165 | D:3      | Found a faded altar of an unknown god.
  2272 | D:3      | Reached XP level 5. HP: 29/29 MP: 10/10
  2600 | D:3      | Found a hazy altar of Hepliaklqana.
  2971 | D:4      | Slain by an iguana

Illustrated notes

Levels and vault maps discovered:
D:1:      zelgadis_glass_arrival_small, layout_loops_ring
D:2:      layout_loops_corners, basic_altar, chequers_serial_rivers_small_a,
          minmay_hedge_maze, uniq_jessica
D:3:      layout_loops_ring, worldfamousw_hep_ancestral_shrine,
          hellmonk_ecumenical_altar_heavens_door, st_stairs_9,
          grunt_decor_arrowhead
D:4:      layout_basic, minmay_temple_entry_antechambers, serial_rivers,
          chequers_serial_rivers_large_a, chequers_serial_rivers_micro_e,
          chequers_serial_rivers_micro_e, chequers_serial_rivers_large_b,
          uniq_robin

Skill      XL: |  1  2  3  4 |
---------------+-------------+-----
Short Blades   | 1 2 |  2.6
Fighting       | 1 |  1.6
Necromancy     | 1 |  1.3
Ice Magic      | 4 |  4.1
Dodging        | |  2.1
Stealth        | |  2.0
Spellcasting   | |  2.9

Action                     |  1- 3 |  4- 6 || total
---------------------------+-------+-------++-------
  Melee: Short sword       |    55 |    71 ||   126
         Kick              |    16 |    18 ||    34
         Peck              |    10 |     9 ||    19
         Rapier            |       |    11 ||    11
   Cast: Freeze            |    16 |    22 ||    38
    Use: Scroll            |     2 |       ||     2
   Stab: Sleeping          |     8 |     4 ||    12
 Armour: Robe              |    32 |    57 ||    89
  Dodge: Dodged            |    50 |    69 ||   119

Table legend: (Time is in decaauts)
 A = Elapsed time spent in this place.
 B = Non-inter-level travel time spent in this place.
 C = Inter-level travel time spent in this place.
 D = Time resting spent in this place.
 E = Time spent auto-exploring this place.
 F = Levels seen in this place.
 G = Mean time per level.
                   A        B        C        D        E       F      G
               +--------+--------+--------+--------+--------+-----+--------+
         Total |   2971 |   2888 |     83 |    135 |   2290 |   4 |  742.8 |
       Dungeon |   2971 |   2888 |     83 |    135 |   2290 |   4 |  742.8 |
               +--------+--------+--------+--------+--------+-----+--------+

Top non-repeatable levels by time:
     D:2: 1135 daAuts
     D:3: 901 daAuts
     D:1: 827 daAuts
     D:4: 105 daAuts
